 Dungeon Crawl Stone Soup version 0.31-a0-233-g139696dc86 (webtiles) character file.

Game seed: 9262531848351082136

666 qw the Shooter (level 7, -4/44 HPs)
             Began as a Gargoyle Hexslinger on July 9, 2023.
             Slain by a gnoll
             ... wielding a +0 halberd
             ... led by a gnoll sergeant
              (8 damage)
             ... on level 5 of the Dungeon.
             The game lasted 00:01:30 (3171 turns).

qw the Shooter (Gargoyle Hexslinger)                Turns: 3171, Time: 00:01:31

Health: -4/44      AC: 18    Str: 12    XL:     7   Next: 57%
Magic:  8/8        EV: 10    Int: 13    God:
Gold:   215        SH:  0    Dex: 14    Spells: 7/8 levels left

rFire   + . .        Y - +3 sling
rCold   . . .        (no shield)
rNeg    + + .        f - +5 ring mail of the Trombone {rN+ Stlth+}
rPois   inf          (no helmet)
rElec   +            (no cloak)
rCorr   .            (no gloves)
SInv    .            g - +2 pair of boots
Will    .....        j - amulet of regeneration
Stlth   ++           h - ring of protection from fire
HPRegen 1.07/turn    (no ring)
MPRegen 0.11/turn

%: no passive effects
@: about to teleport
A: sickness immunity, AC +4, negative energy resistance 1, electricity
resistance, torment resistance 1, petrification resistance
a: no special abilities


You were on level 5 of the Dungeon.
You visited 1 branch of the dungeon, and saw 5 of its levels.

You collected 215 gold pieces.


Innate Abilities, Weirdness & Mutations

You are immune to sickness and miasma.
Your stone body is resilient. (AC +4)
You are immune to poison.
You resist negative energy. (rN+)
You are resistant to electric shocks. (rElec)
You are resistant to unholy torment.
You are immune to petrification.


   Skills:
 - Level 4.3 Fighting
 + Level 7.1 Ranged Weapons
 - Level 1.0 Armour
 - Level 1.5 Dodging
 - Level 1.0 Spellcasting
 - Level 2.6 Hexes


You had 7 spell levels left.
You knew the following spells:

 Your Spells              Type           Power      Damage    Failure   Level
a - Slow                  Hex            28%        N/A       22%         1

Your spell library contained the following spells:

 Spells                   Type           Power      Damage    Failure   Level
 Inner Flame              Hex/Fire       4%         N/A       73%         3
 Portal Projectile        Hex/Tloc       8%         N/A       73%         3
 Cause Fear               Hex            3%         N/A       91%         4

Inventory:

Hand Weapons
 Y - a +3 sling (weapon)
Armour
 f - the +5 ring mail of the Trombone (worn) {rN+ Stlth+}
   (You found it on level 2 of the Dungeon)

   rN:        It protects you from negative energy.
   Stlth:     It makes you more stealthy.
 g - a +2 pair of boots (worn)
Jewellery
 h - a ring of protection from fire (left hand)
 j - an amulet of regeneration (around neck)
Scrolls
 d - 3 scrolls of teleportation
 e - a scroll of identify
Potions
 a - a potion of degeneration {unknown}
 b - a potion of resistance {unknown}
 c - 4 potions of curing
 i - a potion of ambrosia {unknown}
 k - a potion of haste {unknown}
 l - a potion of might {unknown}
 m - a potion of lignification {unknown}

Dungeon Overview and Level Annotations

Branches:
Dungeon (5/15)
 Temple: D:4-7

Altars:
Dithmenos

Annotations:
D:5 2 transporters


Message History

You shoot a sling bullet.
The sling bullet barely misses the iguana.
The sling bullet barely misses the gnoll.
The sling bullet hits the gnoll.
The gnoll is moderately wounded.
The gnoll hits you but does no damage. The iguana closely misses you.
The gnoll hits you but does no damage. x2; The iguana barely misses you.
The gnoll barely misses you.
A gnoll comes into view. It is wielding a +0 halberd.
You shoot a sling bullet.
The sling bullet barely misses the iguana.
The gnoll sergeant blocks the sling bullet.
The gnoll hits you but does no damage.
The iguana bites you but does no damage.
The gnoll barely misses you.
The gnoll sergeant hits you but does no damage.
You shoot a sling bullet.
The sling bullet barely misses the iguana.
The sling bullet hits the gnoll sergeant but does no damage.
The gnoll barely misses you.
The iguana bites you but does no damage.
The gnoll hits you from afar with a +0 halberd.
The gnoll sergeant closely misses you.
You shoot a sling bullet.
The sling bullet hits the iguana but does no damage.
The iguana is heavily wounded.
The gnoll completely misses you. The iguana bites you!
The gnoll hits you but does no damage.
The gnoll sergeant hits you but does no damage.
You shoot a sling bullet. The sling bullet hits the iguana.
The iguana is almost dead.
The gnoll hits you but does no damage. The iguana bites you!
The gnoll hits you from afar with a +0 halberd!
The gnoll sergeant hits you but does no damage.
3171 ||| READING 4 scrolls of teleportation.
As you read the scroll of teleportation, it crumbles to dust.
You feel strangely unstable. The gnoll barely misses you. The iguana bites you.
The gnoll hits you from afar with a +0 halberd!
You die...

###..### ........ #......#
........ ... #......# .
........ ...+......# ..
........ .. .....# ...
........ #. #...# ....
........ ##.####...## ...#
####.... #..........#gg..#
#.... #.........@lgg.[#
#....
#..........#g...#######....
#.
##...###..##...............
#..##...###..#
..............
#....))...+..#
..............
#....)....#..#
.............
#..####'###..#
..####+##....
#..#.....##..## #.... #.
#.....#....#....+ #....


You could see a gnoll sergeant, an iguana and 4 gnolls.

Vanquished Creatures
  Edmund (D:5)
  An ice beast (D:5)
  2 scorpions
  2 jellies (D:4)
  2 hounds (D:4)
  An orc priest (D:5)
  Jessica (D:2)
  An iguana (D:4)
  An orc wizard (D:5)
  3 adders
  A white imp (D:5)
  An ufetubus (D:4)
  A worm (D:4)
  12 orcs
  5 ball pythons
  2 endoplasms (D:1)
  A giant cockroach (D:2)
  8 goblins
  8 hobgoblins
  6 kobolds
  4 quokkas
  2 bats (D:1)
  2 frilled lizards
  2 rats
70 creatures vanquished.

Notes
Turn   | Place    | Note
-------+----------+-------------------------------------------
     0 | D:1      | qw the Gargoyle Hexslinger began the quest for the Orb.
     0 | D:1      | Reached XP level 1. HP: 12/12 MP: 2/2
     0 | D:1      | 0 ||| qw: Version: 0.3-a-51-g015441d
     0 | D:1      | 0 ||| qw: Game counter: 3944
     0 | D:1      | 0 ||| qw: Melee chars always use a shield: true
     0 | D:1      | 0 ||| qw: God list: Okawaru
     0 | D:1      | 0 ||| qw: Allow faded altars: false
     0 | D:1      | 0 ||| qw: Do Orc after clearing Dungeon:15 true
     0 | D:1      | 0 ||| qw: Do second Lair branch before Depths: true
     0 | D:1      | 0 ||| qw: Lair rune preference: random
     0 | D:1      | 0 ||| qw: Goals: Normal
     0 | D:1      | 0 ||| PLANNING D:1-11
    44 | D:1      | Reached XP level 2. HP: 16/16 MP: 3/3
   291 | D:1      | Reached skill level 3 in Ranged Weapons
   980 | D:1      | 980 ||| UPGRADING to +0 leather armour.
   990 | D:1      | 990 ||| DROPPING +0 robe.
   991 | D:1      | 991 ||| DROPPING +6 ring of intelligence.
   992 | D:1      | 992 ||| UPGRADING to ring of protection from fire.
   993 | D:1      | 993 ||| READING scroll labelled XAKIVV ZYAFU.
   998 | D:1      | 998 ||| READING 3 scrolls labelled SOLAUN SUOSHROSH.
   999 | D:1      | 999 ||| READING scroll labelled ZIRI NIQOHEEM.
  1000 | D:1      | 1000 ||| DRINKING 2 fuming golden potions.
  1001 | D:1      | 1001 ||| DROPPING scroll of poison.
  1002 | D:1      | 1002 ||| DROPPING potion of attraction.
  1003 | D:1      | 1003 ||| DROPPING 2 scrolls of fear.
  1028 | D:2      | 1028 ||| STAIRDANCE
  1109 | D:2      | Identified the +0 scale mail of Boredom {*Slow Fly Dex+6}
  1177 | D:2      | Reached XP level 3. HP: 21/21 MP: 4/4
  1320 | D:2      | Noticed Jessica
  1324 | D:2      | Killed Jessica
  1325 | D:2      | Reached XP level 4. HP: 26/26 MP: 5/5
  1334 | D:2      | Reached skill level 4 in Ranged Weapons
  1349 | D:2      | Identified the +5 ring mail of the Trombone {rN+ Stlth+}
  1505 | D:2      | 1505 ||| UPGRADING to +5 ring mail of the Trombone {rN+
                  | Stlth+}.
  1515 | D:2      | 1515 ||| UPGRADING to +2 pair of boots.
  1520 | D:2      | 1520 ||| DROPPING +0 leather armour.
  1521 | D:2      | 1521 ||| READING scroll labelled JIT ESAOTTUME.
  1522 | D:2      | 1522 ||| DRINKING 3 sapphire potions.
  1671 | D:3      | 1671 ||| READING scroll of enchant weapon.
  1671 | D:3      | 1671 ||| ENCHANTING +2 sling.
  1977 | D:3      | Found a shadowy altar of Dithmenos.
  2255 | D:3      | Found a faded altar of an unknown god.
  2283 | D:3      | 2283 ||| READING scroll labelled MAUFRE HAECWI.
  2284 | D:3      | 2284 ||| READING scroll labelled LUCLEK NAFFALA.
  2285 | D:3      | 2285 ||| DRINKING 2 orange potions.
  2286 | D:3      | 2286 ||| DROPPING potion of magic.
  2308 | D:4      | Reached skill level 1 in Armour
  2339 | D:4      | Noticed a scorpion
  2348 | D:4      | Killed a scorpion
  2349 | D:4      | Reached skill level 5 in Ranged Weapons
  2349 | D:4      | Reached XP level 5. HP: 30/30 MP: 6/6
  2479 | D:4      | Reached skill level 3 in Fighting
  2494 | D:4      | Reached XP level 6. HP: 26/37 MP: 7/7
  2718 | D:4      | 2718 ||| UPGRADING to amulet of regeneration.
  2723 | D:4      | 2723 ||| READING scroll labelled ITHRUM OGUHIARA.
  2729 | D:5      | Entered Level 5 of the Dungeon
  2769 | D:5      | Reached skill level 6 in Ranged Weapons
  2809 | D:5      | Found a transporter.
  2817 | D:5      | Noticed an ice beast
  2846 | D:5      | Killed an ice beast
  2847 | D:5      | Reached XP level 7. HP: 31/44 MP: 8/8
  2878 | D:5      | Noticed Edmund
  2973 | D:5      | Killed Edmund
  3042 | D:5      | Identified the ring "Gyecur" {rF++ rC+ Str-3}
  3043 | D:5      | Found a transporter.
  3129 | D:5      | Reached skill level 7 in Ranged Weapons
  3170 | D:5      | HP: 7/44 [gnoll/+0 halberd[a gnoll sergeant] (8)]
  3171 | D:5      | 3171 ||| READING 4 scrolls of teleportation.
  3171 | D:5      | Slain by a gnoll

Levels and vault maps discovered:
D:1:      minmay_arrival_diagonal_passages, layout_basic, dk_noncrumbling_4,
          chequers_garden
D:2:      layout_rooms, uniq_jessica
D:3:      layout_basic, nicolae_dithmenos_through_a_glass_darkly,
          hellmonk_ecumenical_altar_pennies_from_heaven, grunt_ministairs_3,
          grunt_decor_clamped, minivault_27
D:4:      layout_rooms, minmay_misc_feat_tiny
D:5:      layout_gridville, gammafunk_ghost_gnarly_gnolls, uniq_edmund

Skill      XL: |  1  2  3  4  5  6  7 |
---------------+----------------------+-----
Ranged Weapons | 3 5 6 7 |  7.1
Fighting       | 2 3 4 |  4.3
Armour         | 1 |  1.0
Dodging        | |  1.5
Spellcasting   | |  1.0
Hexes          | |  2.6

Action                     |  1- 3 |  4- 6 |  7- 9 || total
---------------------------+-------+-------+-------++-------
   Fire: Sling             |    89 |   165 |   135 ||   389
    Use: Scroll            |     3 |     5 |     1 ||     9
         Potion            |     1 |     2 |       ||     3
 Armour: Robe              |    15 |       |       ||    15
         Leather armour    |     3 |     1 |       ||     4
         Ring mail         |       |    75 |    92 ||   167
  Dodge: Dodged            |    32 |    64 |    61 ||   157

Table legend:
 A = Non-vault XP
 B = Vault XP
 C = Vault XP percentage of total XP
 D = Non-vault monster count
 E = Vault monster count
 F = Vault count percentage of total count
                 A         B        C        D         E       F
            +---------+---------+-------+---------+---------+-------
      Total |     742 |     210 |  22.1 |      66 |       4 |   5.7
            +---------+---------+-------+---------+---------+-------
        D:1 |      32 |       0 |   0.0 |      19 |       0 |   0.0
        D:2 |      40 |      37 |  48.1 |      10 |       1 |   9.1
        D:3 |      11 |       4 |  26.7 |       5 |       2 |  28.6
        D:4 |     328 |       0 |   0.0 |      20 |       0 |   0.0
        D:5 |     331 |     169 |  33.8 |      12 |       1 |   7.7
            +---------+---------+-------+---------+---------+-------
